 Seeded DCSS version 0.27.1-1-g398f81649c (webtiles) character file.

Game seed: 16833236049872184031 (custom seed)

136 aster the Poker (level 5, -2/42 HPs)
             Began as a Merfolk Abyssal Knight on Sept 12, 2021.
             Was a Believer of Lugonu.
             Slain by an orc (5 damage)
             ... on level 3 of the Dungeon.
             The game lasted 00:04:24 (2336 turns).

aster the Poker (Merfolk Abyssal Knight)            Turns: 2336, Time: 00:04:25

Health: -2/42      AC: 10    Str: 13    XL:     5   Next: 19%
Magic:  7/7        EV: 12    Int: 12    God:    Lugonu [**....]
Gold:   1104       SH:  0    Dex: 13    Spells: 4/4 levels left

rFire    . . .     SeeInvis +   a - +2 spear (protect)
rCold    . . .     Faith    .   (no shield)
rNeg     . . .     Spirit   .   b - +0 leather armour
rPois    .         Reflect  .   (no helmet)
rElec    .         Harm     .   (no cloak)
rCorr    .         Rampage  .   (no gloves)
Will     .....                  (no boots)
Stlth    +.........             (no amulet)
HPRegen  0.14/turn              g - ring of see invisible
MPRegen  0.10/turn              (no ring)

@: under a protective aura
A: (nimble swimmer 2), mertail
a: Renounce Religion, Depart the Abyss, Bend Space


You were on level 3 of the Dungeon.
You worshipped Lugonu.
Lugonu was pleased with you.
You visited 1 branch of the dungeon, and saw 4 of its levels.
You visited the Abyss 1 time.

You collected 1104 gold pieces.

Inventory:

Hand Weapons
 a - a +2 spear of protection (weapon)
Armour
 b - a +0 leather armour (worn)
Jewellery
 g - a ring of see invisible (left hand)
Scrolls
 e - 2 scrolls of acquirement
 f - a scroll of teleportation {unknown}
 i - 2 scrolls of identify
 j - a scroll of fear {unknown}
Potions
 c - 3 potions of heal wounds {unknown}
 d - a potion of lignification
 h - a potion of might {unknown}


   Skills:
 + Level 4.0 Fighting
 * Level 5.1 Polearms
 - Level 1.0 Armour
 + Level 3.8 Dodging
 + Level 3.1 Invocations


You had 4 spell levels left.
You didn't know any spells.
Your spell library contained the following spells:

 Spells                   Type           Power      Damage    Failure   Level
 Corona                   Hex            0%         N/A       38%         1
 Ensorcelled Hibernation  Hex/Ice        0%         N/A       54%         2
 Portal Projectile        Hex/Tloc       0%         N/A       77%         3
 Tukima's Dance           Hex            0%         N/A       77%         3
 Blade Hands              Tmut           0%         N/A       100%        5
 Excruciating Wounds      Necr           0%         N/A       100%        5


Dungeon Overview and Level Annotations

Branches:
Dungeon (4/15)
 Temple: D:4-7

Altars:
Yredelemnul


Innate Abilities, Weirdness & Mutations

((You are quick and stealthy near water. (Stealth+, EV+, Speed+++)))
Your lower body shifts to a powerful aquatic tail in water.


Message History

The orc is severely wounded.
The orc priest looks braver for a moment.
The orc hits you but does no damage.
You hit the orc but do no damage.
The orc is severely wounded.
The orc hits you but does no damage. The orc priest closely misses you.
The orc hits you but does no damage.
You hit the orc but do no damage.
The orc is severely wounded.
The orc priest hits you from afar with a +2 trident of holy wrath.
The orc hits you with a +0 mace.
Reach: a) +2 spear (protect)
Press: ? - help, Dir - move target, f - orc priest
Aim: an orc priest, wielding a +2 trident of holy wrath (about 34% to evade your +2 spear of protection)
You reach to attack!
You hit the orc priest.
The orc priest is moderately wounded.
The orc closely misses you.
The orc priest hits you from afar with a +2 trident of holy wrath.
The orc priest mumbles some strange prayers to Beogh against you.
You barely resist. The orc hits you with a +0 mace.
There is a stone staircase leading up here.
The orc misses you. The orc closely misses you.
The orc priest invokes the aid of Beogh against you.
Beogh smites you!
* * * LOW HITPOINT WARNING * * *
You climb upwards.
There is a stone staircase leading down here.
You completely miss the orc.
The orc is severely wounded.
The orc completely misses you.
You barely miss the orc.
The orc is severely wounded.
The orc hits you with a +0 mace.
* * * LOW HITPOINT WARNING * * *
The orc closely misses you.
You hit the orc.
Your weapon exudes an aura of protection.
The orc is almost dead.
The orc hits you with a +0 mace.
You die...

#######.####...####.####.........
........##...#.#.................
.................##.#.......†....
.....).#..####......<.##.........
..........#....####.####.........
............##..# #.# #.......[.
####.#..##.####.###.# ##########
##.....###..# #oo##.#
....#...###.####@...#########
.................)..........#
......#................####.#
.....#######...............(#
....##### ##.<.#..##..##########
........######.........## #....
....###....###......)...# #....
##.## ####..............### #....
#.# ###................###....


You could see 2 orcs.

Vanquished Creatures
  Jessica (D:3)
  4 adders (D:2)
  An adder skeleton (D:4)
  2 worms
  3 dart slugs (D:2)
  7 ball pythons
  3 bats
  5 endoplasms
  2 giant cockroaches
  6 goblins
  5 hobgoblins
  6 kobolds
  2 quokkas
  7 frilled lizards
  8 rats
62 creatures vanquished.

Notes
Turn   | Place    | Note
-------+----------+-------------------------------------------
     0 | Abyss:1  | aster the Merfolk Abyssal Knight began the quest for the
                  | Orb.
     0 | Abyss:1  | Reached XP level 1. HP: 18/18 MP: 2/2
    23 | Abyss:1  | Noticed a sixfirhy
    24 | D:1      | Escaped the Abyss
   141 | D:1      | Reached XP level 2. HP: 20/24 MP: 3/3
   228 | D:1      | Found a faded altar of an unknown god.
   279 | D:1      | Reached * piety under Lugonu
   435 | D:1      | Reached skill level 1 in Armour
   439 | D:1      | Reached XP level 3. HP: 18/29 MP: 4/4
   962 | D:1      | Identified 3 scrolls of acquirement
   962 | D:1      | Acquired 954 gold pieces
  1010 | D:2      | Reached skill level 4 in Polearms
  1021 | D:2      | Found a basalt altar of Yredelemnul.
  1079 | D:2      | Reached XP level 4. HP: 37/37 MP: 5/5
  1528 | D:2      | Reached ** piety under Lugonu
  2223 | D:3      | Noticed Jessica
  2228 | D:3      | Killed Jessica
  2229 | D:3      | Reached skill level 5 in Polearms
  2229 | D:3      | Reached XP level 5. HP: 42/42 MP: 7/7
  2336 | D:3      | Slain by an orc

Illustrated notes

Levels and vault maps discovered:
D:1:      dpeg_arrival_round_b, layout_basic, shapermc_ecumenical_altar_ellora
D:2:      layout_basic, basic_altar, minmay_small_reverse_x
D:3:      layout_rooms, kennysheep_jessica_study
D:4:      layout_basic, mainiacjoe_overflow_alcove_2,
          mainiacjoe_overflow_24_doors, lightli_corner_chamber

Skill      XL: |  1  2  3  4 |
---------------+-------------+-----
Dodging        | 3 |  3.8
Armour         | 1 |  1.0
Polearms       | 4 5 |  5.1
Fighting       | 4 |  4.0
Invocations    | 3 |  3.1

Action                   |  1- 3 |  4- 6 || total
-------------------------+-------+-------++-------
Melee: Spear             |    99 |   122 ||   221
Invok: Depart the Abyss  |     1 |       ||     1
  Use: Scroll            |     4 |     2 ||     6
 Stab: Sleeping          |     1 |     1 ||     2
Armor: Leather armour    |    21 |    32 ||    53
Dodge: Dodged            |    38 |    58 ||    96
